 Dungeon Crawl Stone Soup version 0.20.1-1-g8b1a95d (webtiles) character file.

275 vishdafish the Skirmisher (level 6, -4/48 HPs)
             Began as a Demonspawn Fighter on July 3, 2017.
             Was a Follower of Okawaru.
             Slain by an ogre
             ... wielding a +0 giant spiked club
              (18 damage)
             ... on level 4 of the Dungeon.
             The game lasted 00:05:42 (3295 turns).

vishdafish the Skirmisher (Demonspawn Fighter)      Turns: 3295, Time: 00:05:42

Health: -4/48      AC:  9    Str: 19    XL:     6   Next: 3%
Magic:  7/7        EV:  7    Int:  9    God:    Okawaru [*.....]
Gold:   179        SH:  9    Dex: 12    Spells: 5/5 levels left

rFire    . . .     SeeInvis .   a - +0 war axe
rCold    . . .     Gourm    .   c - +0 shield
rNeg     . . .     Faith    .   b - +0 scale mail
rPois    .         Spirit   .   (helmet restricted)
rElec    .         Reflect  .   (no cloak)
rCorr    +         Harm     .   y - +0 pair of gloves
MR       .....     Rnd*Tele +   (no boots)
Stlth    ..........             j - amulet of rage
Regen    0.2/turn               i - ring of resist corrosion
MPRegen  0.1/turn               z - ring of teleportation (curse)

@: no status effects
A: antennae 2, slimy green scales 1
a: Heroism, Renounce Religion, Evoke Berserk Rage


You were on level 4 of the Dungeon.
You worshipped Okawaru.
Okawaru was aware of your devotion.
You were not hungry.

You visited 1 branch of the dungeon, and saw 4 of its levels.

You collected 179 gold pieces.

Inventory:

Hand Weapons
 a - a +0 war axe (weapon)
Armour
 b - a +0 scale mail (worn)
 c - a +0 shield (worn)
 s - a +0 pair of boots
 y - a +0 pair of gloves (worn)
Jewellery
 i - a ring of resist corrosion (left hand)
 j - an amulet of rage (around neck)
 o - a +2 amulet of reflection {unknown}
 z - a cursed ring of teleportation (right hand)
Wands
 v - a wand of acid (11/15)
Scrolls
 l - a scroll of recharging
 t - 2 scrolls of enchant armour
 w - a scroll of blinking
Potions
 d - 2 potions of might
 e - a potion of degeneration {unknown}
 h - a potion of ambrosia {unknown}
 k - a potion of resistance {unknown}
 m - 2 potions of heal wounds {unknown}
 n - a potion of lignification
 q - 2 potions of haste {unknown}
 r - 3 potions of curing
 u - a potion of invisibility {unknown}
 x - a potion of mutation {unknown}
 A - a potion of berserk rage {unknown}
Comestibles
 f - a bread ration


   Skills:
 + Level 3.7 Fighting
 + Level 3.6 Axes
 + Level 3.1 Armour
 + Level 1.0 Dodging
 + Level 3.4 Shields
 * Level 2.2 Evocations


You had 5 spell levels left.
You didn't know any spells.

Dungeon Overview and Level Annotations

Branches:
Dungeon (4/15)             Temple (0/1) D:4

Altars:
Gozag
Okawaru
The Shining One

Shops:
D:4 %


Innate Abilities, Weirdness & Mutations

You have a pair of antennae on your head.
You are partially covered in slimy green scales. (AC +2)


Message History

You are too injured to fight recklessly!
You are too injured to fight recklessly!
You are too injured to fight recklessly!
You closely miss the ogre.
The ogre is moderately wounded.
You block the ogre's attack.
Your shield prevents you from hitting the ogre.
The ogre is moderately wounded.
The ogre hits you with a giant spiked club!
* * * LOW HITPOINT WARNING * * *
It was a potion of curing.
You feel better. The ogre barely misses you.
You slash the ogre!
The ogre is heavily wounded.
You hit the worm. The ogre barely misses you. The worm bites you.
* * * LOW HITPOINT WARNING * * *
You hit the ogre.
The ogre is severely wounded.
You hit the worm.
The ogre hits you with a giant spiked club!!
You die...

#####.#####...# ####
#....#### )..#
###.......##
##.8.∩.8..........##
##....#.........#
8.###.....%...# .
#....$....#
#.........#
#......@..#
##....wO.##
#.........#
#.........#
#...?.%...#
..........#
..........#
##.......##


You could see an ogre and a worm.

Vanquished Creatures
  2 orc wizards (D:3)
  A worker ant (D:4)
  Robin (D:4)
  9 adders
  3 worms
  2 dart slugs (D:2)
  8 orcs
  9 bats
  5 giant cockroaches
  18 goblins
  15 hobgoblins
  7 jackals
  3 kobolds
  3 quokkas
  5 frilled lizards
  A leopard gecko skeleton (D:4)
  A quokka skeleton (D:4)
  6 rats
99 creatures vanquished.

Vanquished Creatures (others)
  A leopard gecko (D:1)
1 creature vanquished.

Grand Total: 100 creatures vanquished

Notes
Turn   | Place    | Note
-------+----------+-------------------------------------------
     0 | D:1      | vishdafish the Demonspawn Fighter began the quest for the Orb.
     0 | D:1      | Reached XP level 1. HP: 18/18 MP: 1/1
    83 | D:1      | Gained mutation: You have a pair of small antennae on your head. [demonic ancestry]
    83 | D:1      | Reached XP level 2. HP: 20/24 MP: 2/2
   529 | D:2      | Found an opulent altar of Gozag.
   570 | D:2      | Reached XP level 3. HP: 29/29 MP: 3/3
   688 | D:2      | HP: 2/43 [poisoned by an adder]
   696 | D:2      | HP: 1/43 [poisoned by an adder]
  1074 | D:2      | Found a faded altar of an unknown god.
  1129 | D:2      | Became a worshipper of Warmaster Okawaru
  1129 | D:2      | Reached * piety under Okawaru
  1386 | D:2      | Reached skill level 1 in Evocations
  1549 | D:2      | Found a glowing golden altar of the Shining One.
  1836 | D:3      | Gained mutation: You are partially covered in slimy green scales. (AC +2) [demonic ancestry]
  1836 | D:3      | Reached XP level 4. HP: 35/35 MP: 4/4
  2195 | D:3      | Reached XP level 5. HP: 37/41 MP: 6/6
  2774 | D:4      | Found Jafuores's Food Shop.
  2777 | D:4      | Noticed Robin
  2789 | D:4      | Reached skill level 1 in Dodging
  2803 | D:4      | Killed Robin
  2907 | D:4      | Found a staircase to the Ecumenical Temple.
  3053 | D:4      | Gained mutation: You have a pair of antennae on your head. [demonic ancestry]
  3053 | D:4      | Reached XP level 6. HP: 9/48 MP: 7/7
  3295 | D:4      | Slain by an ogre

Skill      XL: |  1  2  3  4  5 |
---------------+----------------+-----
Axes           | 2 3 |  3.6
Shields        | 3 |  3.4
Evocations     | 1 2 |  2.2
Armour         | 3 |  3.1
Dodging        | 1 |  1.0
Fighting       | |  3.7

Action                   |  1- 3 |  4- 6 || total
-------------------------+-------+-------++-------
Melee: War axe           |   150 |   210 ||   360
  Use: Potion            |     1 |     1 ||     2
       Scroll            |       |     3 ||     3
  Eat: Chunk             |     3 |     3 ||     6
       Meat ration       |       |     1 ||     1
Armor: Scale mail        |    54 |   110 ||   164
Dodge: Dodged            |    39 |    54 ||    93
Block: Shield            |    93 |   117 ||   210
